AoeStats
← Octavio

Arabia

510624480Analyzed
1v1 RM · 18h ago on Oct 1, 2026· 33m 19s· 2 players
Game mode
Random Map
Map size
Tiny (2 player)
Population
200
Speed
Normal
Resources
Standard
Victory
Conquest
Starting age
Dark Age
Ending age
Imperial Age
RankedLock teamsTeams togetherTeam positionsShared explorationLock speedFull tech treeHidden civsTurbo modeCheats
Victory
Defeat
🇨🇴 Japanese · Colombia
555
+18
🇦🇷 Romans · Argentina
604
-18
CRICHONESTO
8:23 Loom
11:18 Feudal Age
11:24 Man-at-Arms
12:00 Double-Bit Axe
13:44 Arson
18:56 Forging
20:25 Scale Mail Armor
25:31 Castle Age
23:46 Fletching
23:53 Gold Mining
25:38 Long Swordsman
26:03 Gambesons
26:37 Bow Saw
29:34 Bodkin Arrow
30:20 Gold Shaft Mining
31:51 Wheelbarrow
31:02 Town Watch
32:01 Guard Tower
33:31 Padded Archer Armor
Octavio
11:29 Loom
13:34 Feudal Age
18:59 Feudal Age
24:06 Man-at-Arms
32:36 Double-Bit Axe
Connection lost

Rejoining the realm…

Still unreachable

The connection could not be restored.

Session expired

The server has moved on; the page needs a fresh start.